[Event "Titled Tuesday Blitz January 10 Early 2023"]
[White "Sanchez, Robert"]
[Black "Batsuren, Dambasuren"]
[WhiteFideId "2034360"]
[BlackFideId "4902920"]
[WhiteElo "1966"]
[BlackElo "2525"]
[Result "0-1"]
[Round "01"]
[TimeControl "180+2"]
[Date "2023.01.10"]
[WhiteClock "0:00:27"]
[BlackClock "0:01:15"]

1. e4 Nc6 2. Nf3 d6 3. Nc3 Nf6 4. d4 g6 5. Bb5 Bg7 6. d5 a6 7. Ba4 b5 8. dxc6 bxa4 9. O-O O-O 10. Nxa4 Nxe4 11. Re1 d5 12. c4 e6 13. Rb1 Qd6 14. Nd4 e5 15. Nf3 Be6 16. Be3 Qxc6 17. b3 d4 18. Bc1 f5 19. Ng5 Nxg5 20. Bxg5 e4 21. Qd2 Rfe8 22. Bh6 Bh8 23. Rbd1 Bf7 24. Qf4 Rad8 25. Qh4 d3 26. Bg5 Rd7 27. Be3 Bf6 28. Qg3 Qd6 29. Bf4 Be5 30. Bxe5 Qxe5 31. Qh4 f4 32. b4 d2 33. Rf1 Bxc4 34. Nc5 Rd6 0-1


[Site "https://www.chess.com"]

[Event "Titled Tuesday Blitz January 10 Early 2023"]
[White "Zemlyanskii, Ivan"]
[Black "Perez Rodriguez, Luis Manuel"]
[WhiteFideId "24249971"]
[BlackFideId "3503364"]
[WhiteElo "2300"]
[BlackElo "2329"]
[Result "1-0"]
[Round "01"]
[TimeControl "180+2"]
[Date "2023.01.10"]
[WhiteClock "0:02:22"]
[BlackClock "0:01:32"]

1. d4 d5 2. c4 c6 3. Nf3 Nf6 4. e3 e6 5. Bd3 Nbd7 6. O-O Bd6 7. Nbd2 O-O 8. e4 e5 9. cxd5 cxd5 10. Re1 Re8 11. exd5 exd4 12. Rxe8+ Qxe8 13. Nc4 Bc5 14. d6 b5 15. Na5 a6 16. Bf4 Nh5 17. Qd2 Nxf4 18. Qxf4 Nf6 19. Nb3 Bb6 20. Nbxd4 Bb7 21. Re1 Qd8 22. Nf5 1-0


[Site "https://www.chess.com"]

[Event "Titled Tuesday Blitz January 10 Early 2023"]
[White "Girsh, Daniel"]
[Black "Putnam, Liam"]
[WhiteFideId "30949190"]
[BlackFideId "30938279"]
[WhiteElo "2123"]
[BlackElo "2285"]
[Result "0-1"]
[Round "01"]
[TimeControl "180+2"]
[Date "2023.01.10"]
[WhiteClock "0:00:32"]
[BlackClock "0:00:07"]

1. d4 Nf6 2. c4 g6 3. Nf3 Bg7 4. Nc3 d5 5. cxd5 Nxd5 6. g3 O-O 7. Bg2 c5 8. O-O cxd4 9. Nxd5 Qxd5 10. Be3 d3 11. exd3 Nc6 12. Nd4 Qd6 13. Nxc6 bxc6 14. Qc2 Bf5 15. Be4 Rab8 16. Rab1 Be6 17. b3 Bd4 18. Bf4 Be5 19. Bxe5 Qxe5 20. Qxc6 Qa5 21. Qc2 Rfc8 22. Qe2 Rc3 23. Rbc1 Rbc8 24. Rxc3 Qxc3 25. Qe3 a5 26. Kg2 Qb2 27. d4 Qxa2 28. d5 Bd7 29. Bf3 Qa3 30. Re1 Re8 31. Qa7 Bf5 32. Re3 Qb4 33. h3 h5 34. Qc7 Kf8 35. Qe5 Kg8 36. d6 e6 37. d7 Rd8 38. Qc7 Qe7 39. Bc6 Kh7 40. Qxa5 Rxd7 41. Bxd7 Qxd7 42. Qe5 Qc6+ 43. Kh2 Qc2 44. Qf4 Qb1 45. Kg2 Kg7 46. Qd4+ Kh7 47. Rc3 Qe1 48. Qe3 Qa1 49. Rc1 Qb2 50. Rd1 Qc2 51. Rd2 Qc1 52. Rd7 Qc6+ 53. Qf3 Qxd7 54. b4 Qd5 55. Qxd5 exd5 56. Kf3 Bxh3 57. Kf4 f6 58. Ke3 Bc8 59. Kd4 Bb7 60. b5 g5 61. b6 h4 0-1


[Site "https://www.chess.com"]

[Event "Titled Tuesday Blitz January 10 Early 2023"]
[White "Bartel, Mateusz"]
[Black "Bozorov, Makhsum"]
[WhiteFideId "1112635"]
[BlackFideId "14201330"]
[WhiteElo "2609"]
[BlackElo "2145"]
[Result "1-0"]
[Round "01"]
[TimeControl "180+2"]
[Date "2023.01.10"]
[WhiteClock "0:00:30"]
[BlackClock "0:00:09"]

1. Nf3 Nf6 2. c4 g6 3. Nc3 Bg7 4. e4 d6 5. d4 O-O 6. Bd3 e5 7. d5 Bg4 8. Be3 Nfd7 9. Qc2 Bxf3 10. gxf3 Qh4 11. O-O-O Bh6 12. Kb1 a5 13. Rdg1 Bxe3 14. fxe3 Na6 15. Rg4 Qh6 16. Qf2 Ndc5 17. Bc2 Nb4 18. Rh4 Qg7 19. Rg1 Qf6 20. Qg3 Nxc2 21. Kxc2 Qe7 22. Qh3 f5 23. exf5 Rxf5 24. Rxg6+ hxg6 25. Rh8+ Kf7 26. Rh7+ Ke8 27. Rxe7+ Kxe7 28. Qh4+ Rf6 29. Nb5 Rc8 30. Kd2 Nd7 31. Ke2 c6 32. Qh7+ Rf7 33. Qxf7+ Kxf7 34. Nxd6+ Kf6 35. Nxc8 cxd5 36. cxd5 e4 37. f4 g5 38. Nd6 gxf4 39. exf4 Nc5 40. Ke3 a4 41. Nxe4+ Nxe4 42. Kxe4 1-0


[Site "https://www.chess.com"]

[Event "Titled Tuesday Blitz January 10 Early 2023"]
[White "Sai Han Thiha"]
[Black "Santos Ruiz, Miguel"]
[WhiteFideId "13012290"]
[BlackFideId "22291482"]
[WhiteElo "2070"]
[BlackElo "2590"]
[Result "1-0"]
[Round "01"]
[TimeControl "180+2"]
[Date "2023.01.10"]
[WhiteClock "0:00:04"]
[BlackClock "0:00:05"]

1. d4 Nf6 2. c4 e6 3. Nf3 d5 4. Nc3 Bb4 5. Qa4+ Nc6 6. cxd5 exd5 7. Bg5 h6 8. Bxf6 Qxf6 9. e3 O-O 10. Be2 Rd8 11. O-O Bf8 12. Rfc1 Ne7 13. b4 Be6 14. b5 Nf5 15. Qd1 g5 16. Na4 Bd6 17. Nc5 Rab8 18. Nd3 Qg7 19. a4 h5 20. a5 g4 21. Nfe5 f6 22. Nf4 Bc8 23. Ned3 Qf7 24. Rc3 Bd7 25. Rb1 Re8 26. g3 Kg7 27. Bf1 c6 28. Bg2 Ne7 29. a6 cxb5 30. axb7 Rxb7 31. Nc5 Bxc5 32. Rxc5 Rb6 33. Nxd5 Nxd5 34. Bxd5 Be6 35. Bxe6 Qxe6 36. Rxh5 b4 37. Rc5 b3 38. Rc7+ Kg6 39. Qd3+ f5 40. d5 Qe4 41. Qxe4 Rxe4 42. Rc3 Reb4 43. d6 Rxd6 44. Rcxb3 Rxb3 45. Rxb3 a5 46. Ra3 Ra6 47. Ra4 Kf6 48. h4 gxh3 49. Kh2 Kg5 50. Kxh3 Rh6+ 51. Kg2 Ra6 52. Kf3 Ra8 53. e4 fxe4+ 54. Kxe4 Kg4 55. Ke3+ Kg5 56. f4+ Kg4 57. Kf2 Rc8 58. Rxa5 Rc2+ 59. Ke3 Kxg3 60. Rg5+ Kh4 61. Rg8 Kh5 62. f5 Rc1 63. Ke4 Rf1 64. Ke5 Kh6 65. Kf6 Kh7 66. Rg2 Ra1 67. Rh2+ Kg8 68. Kg6 Rg1+ 69. Kf6 Ra1 70. Re2 Ra6+ 71. Re6 Ra8 72. Kg6 Kf8 73. Rb6 Ra1 74. Rb8+ Ke7 75. f6+ Ke6 76. Re8+ Kd7 77. Re2 Rg1+ 78. Kf7 Rg2 79. Rxg2 1-0


[Site "https://www.chess.com"]

[Event "Titled Tuesday Blitz January 10 Early 2023"]
[White "Harshavardhan G B"]
[Black "Donskov, Anatoly"]
[WhiteFideId "25059009"]
[BlackFideId "24143413"]
[WhiteElo "2408"]
[BlackElo "2279"]
[Result "1-0"]
[Round "01"]
[TimeControl "180+2"]
[Date "2023.01.10"]
[WhiteClock "0:00:23"]
[BlackClock "0:00:30"]

1. Nf3 d5 2. g3 Nf6 3. Bg2 Bf5 4. O-O e6 5. d3 h6 6. Nbd2 c6 7. Qe1 Be7 8. e4 Bg6 9. b3 O-O 10. Bb2 a5 11. a4 Na6 12. Ne5 Bh7 13. Qe2 Nb4 14. Rac1 Na2 15. Rce1 Nb4 16. Nb1 dxe4 17. dxe4 Qb6 18. Kh1 Rfd8 19. f4 Qc5 20. Na3 Nd7 21. Nac4 b5 22. Nxd7 bxc4 23. Nxc5 Bxc5 24. Qxc4 Bf8 25. Rd1 Rac8 26. c3 Nc2 27. Qe2 Na3 28. f5 Rxd1 29. Qxd1 Rb8 30. fxe6 fxe6 31. Rxf8+ Rxf8 32. Bxa3 Rf2 33. Qd8+ Kf7 34. Qf8+ Kg6 35. Qxf2 1-0


[Site "https://www.chess.com"]

[Event "Titled Tuesday Blitz January 10 Early 2023"]
[White "Dudzinski, Pawel"]
[Black "Nigmatov, Ortik"]
[WhiteFideId "1117890"]
[BlackFideId "14202131"]
[WhiteElo "2186"]
[BlackElo "2438"]
[Result "0-1"]
[Round "01"]
[TimeControl "180+2"]
[Date "2023.01.10"]
[WhiteClock "0:00:33"]
[BlackClock "0:00:19"]

1. e4 c5 2. c4 d6 3. Nc3 Nc6 4. g3 g6 5. Bg2 Bg7 6. Nge2 e6 7. Rb1 Nge7 8. a3 a5 9. d3 O-O 10. O-O Nd4 11. Nxd4 cxd4 12. Ne2 a4 13. b4 axb3 14. Qxb3 Nc6 15. Bb2 e5 16. f4 Bg4 17. Bf3 Bxf3 18. Rxf3 Na5 19. Qb5 f5 20. fxe5 dxe5 21. exf5 gxf5 22. Rbf1 Qc8 23. Qd5+ Kh8 24. g4 f4 25. h3 Ra6 26. Nxf4 exf4 27. Rxf4 Rxf4 28. Rxf4 Nb3 29. Qb5 Nc5 30. Rxd4 Re6 31. Qxc5 Qxc5 32. Kg2 Bxd4 0-1


[Site "https://www.chess.com"]

[Event "Titled Tuesday Blitz January 10 Early 2023"]
[White "Preotu, Razvan"]
[Black "Jumanov, Elbek"]
[WhiteFideId "2613280"]
[BlackFideId "14202905"]
[WhiteElo "2475"]
[BlackElo "2155"]
[Result "1-0"]
[Round "01"]
[TimeControl "180+2"]
[Date "2023.01.10"]
[WhiteClock "0:02:48"]
[BlackClock "0:02:38"]

1. e4 c5 2. Nf3 e6 3. c3 d5 4. exd5 Qxd5 5. d4 Nc6 6. Na3 Nf6 7. Be3 cxd4 8. Nb5 Qd8 9. Nbxd4 Bd7 10. Nxc6 Bxc6 11. Ne5 Bd5 12. Bb5+ 1-0


[Site "https://www.chess.com"]

[Event "Titled Tuesday Blitz January 10 Early 2023"]
[White "Dinu, Dumitru-Daniel"]
[Black "Weetik, Vjacheslav"]
[WhiteFideId "1208403"]
[BlackFideId "4153472"]
[WhiteElo "2203"]
[BlackElo "2423"]
[Result "0-1"]
[Round "01"]
[TimeControl "180+2"]
[Date "2023.01.10"]
[WhiteClock "0:00:03"]
[BlackClock "0:00:04"]

1. e4 c6 2. Ne2 d5 3. e5 c5 4. d4 Nc6 5. c3 cxd4 6. cxd4 Bf5 7. Nbc3 e6 8. Ng3 Bg6 9. h4 h6 10. Bb5 Ne7 11. h5 Bh7 12. Be3 a6 13. Bd3 Bxd3 14. Qxd3 Rc8 15. O-O g6 16. hxg6 fxg6 17. Rac1 Nf5 18. Nxf5 gxf5 19. Qe2 Qh4 20. Na4 Rg8 21. Qf3 Rc7 22. Nc3 Rcg7 23. Rfd1 f4 24. Qxf4 Rxg2+ 25. Kf1 Qh5 26. Ke1 Be7 27. Ne2 Bg5 28. Ng3 Qxd1+ 29. Rxd1 Bxf4 30. Bxf4 Rg1+ 31. Nf1 h5 32. Bh2 Rh1 33. Ke2 h4 34. Rd3 Rg2 35. Bf4 Rgg1 36. Ne3 h3 37. Bg3 Rxg3 38. fxg3 h2 39. Rd2 Rg1 40. Kd3 h1=Q 0-1


[Site "https://www.chess.com"]

[Event "Titled Tuesday Blitz January 10 Early 2023"]
[White "Borges Feria, Yasel"]
[Black "Yirik, Volkan"]
[WhiteFideId "3504921"]
[BlackFideId "6300782"]
[WhiteElo "2439"]
[BlackElo "1957"]
[Result "1-0"]
[Round "01"]
[TimeControl "180+2"]
[Date "2023.01.10"]
[WhiteClock "0:01:10"]
[BlackClock "0:02:25"]

1. d4 g6 2. e4 Bg7 3. Nc3 c5 4. dxc5 Nc6 5. Nf3 Nf6 6. Bd3 Qa5 7. O-O Qxc5 8. h3 O-O 9. Be3 Qa5 10. Qd2 Rd8 11. Rad1 d5 12. exd5 Nxd5 13. Nxd5 Rxd5 14. Qxa5 Nxa5 15. c3 Bf5 16. Bxf5 Rxf5 17. Rd7 Rb5 18. Rfd1 h6 19. b3 Nc6 20. c4 Rf5 21. Rxb7 Ra5 22. a4 Rc8 23. Rdd7 g5 24. Bxa7 1-0


[Site "https://www.chess.com"]

[Event "Titled Tuesday Blitz January 10 Early 2023"]
[White "Albertini, Luca"]
[Black "Aradhya, Garg"]
[WhiteFideId "847038"]
[BlackFideId "25006746"]
[WhiteElo "2084"]
[BlackElo "2284"]
[Result "0-1"]
[Round "01"]
[TimeControl "180+2"]
[Date "2023.01.10"]
[WhiteClock "0:02:00"]
[BlackClock "0:02:38"]

1. e4 e5 2. Nf3 Nc6 3. Bc4 Nf6 4. d3 Bc5 5. O-O h6 6. c3 d6 7. d4 Bb6 8. Bb5 O-O 9. Bxc6 bxc6 10. dxe5 Nxe4 11. Qa4 Nc5 12. Qc2 dxe5 13. Nxe5 Qf6 14. Ng4 Bxg4 0-1


[Site "https://www.chess.com"]

[Event "Titled Tuesday Blitz January 10 Early 2023"]
[White "Cherniaiev, Tykhon"]
[Black "Horcajuelo Rocamora, Martin"]
[WhiteFideId "14182360"]
[BlackFideId "24573027"]
[WhiteElo "2330"]
[BlackElo "2107"]
[Result "1-0"]
[Round "01"]
[TimeControl "180+2"]
[Date "2023.01.10"]
[WhiteClock "0:00:04"]
[BlackClock "0:00:17"]

1. Nf3 c5 2. c4 Nc6 3. Nc3 g6 4. g3 Bg7 5. Bg2 a6 6. O-O e6 7. e3 Nge7 8. d4 cxd4 9. exd4 d5 10. cxd5 exd5 11. Re1 O-O 12. Bg5 f6 13. Bf4 g5 14. Bc1 Bf5 15. h4 h6 16. a3 Qd7 17. b4 Rae8 18. Bb2 Nc8 19. b5 axb5 20. Qb3 Nb6 21. Qxb5 Nc4 22. hxg5 fxg5 23. Rxe8 Rxe8 24. Nxg5 hxg5 25. Bxd5+ Be6 26. Qxc4 Nxd4 27. Rd1 Bxd5 28. Nxd5 Nf3+ 29. Kg2 Qf7 30. Nf6+ Bxf6 31. Qxf7+ Kxf7 32. Bxf6 Ne1+ 33. Kf1 Kxf6 34. Rxe1 Ra8 35. Re3 Kf5 36. Rb3 Ra4 37. Kg2 Ra5 38. Kf3 g4+ 39. Ke3 b5 40. Kd3 Ke5 41. Kc3 Ke4 42. Kb4 Ra7 43. Kxb5 Rf7 44. a4 Rxf2 45. a5 Rf5+ 46. Ka4 Rf7 47. a6 Kd4 48. Ka5 Kc4 49. Rb7 Rf3 50. a7 Rf4 51. gxf4 1-0


[Site "https://www.chess.com"]

[Event "Titled Tuesday Blitz January 10 Early 2023"]
[White "Forgacs, Attila Jr."]
[Black "Avila Pavas, Santiago"]
[WhiteFideId "773654"]
[BlackFideId "4437128"]
[WhiteElo "2264"]
[BlackElo "2522"]
[Result "0-1"]
[Round "01"]
[TimeControl "180+2"]
[Date "2023.01.10"]
[WhiteClock "0:00:04"]
[BlackClock "0:00:19"]

1. e4 Nf6 2. d3 e5 3. Nf3 Nc6 4. Nbd2 Bc5 5. g3 O-O 6. Bg2 d5 7. exd5 Nxd5 8. O-O f6 9. Nb3 Be7 10. Re1 Bg4 11. h3 Bh5 12. c3 Qd7 13. d4 Rad8 14. dxe5 fxe5 15. g4 Bg6 16. Nxe5 Nxe5 17. Rxe5 c6 18. Be3 Bd6 19. Bxd5+ cxd5 20. Rxd5 Bh2+ 21. Kxh2 Qxd5 22. Qxd5+ Rxd5 23. Nd4 b6 24. Kg3 Re8 25. Re1 Bd3 26. Bd2 Rxe1 27. Bxe1 Kf7 28. Bd2 h6 29. Bf4 Bb1 30. a3 Bh7 31. Bb8 Rd7 32. f4 a6 33. Be5 Rd5 34. Kf3 b5 35. Ke3 g5 36. Bc7 Rd7 37. Be5 Re7 38. Kf3 Re8 39. Bd6 Be4+ 40. Kg3 Bd3 41. Be5 Kg6 42. f5+ Kf7 43. Ne6 Bc4 44. Bd6 Bxe6 45. fxe6+ Rxe6 46. Bb4 Re3+ 47. Kg2 Re2+ 48. Kg3 Rxb2 49. h4 Ke6 50. hxg5 hxg5 51. Bc5 Rb3 52. Bb4 Ke5 53. Kf3 a5 54. Bxa5 Rxa3 55. Bb4 Ra7 56. Ke3 Rc7 57. Ba5 Rc4 58. Kf3 Rf4+ 59. Kg3 Ra4 60. Bc7+ Ke6 61. Bd8 Rc4 62. Ba5 Rf4 63. Bd8 Ra4 64. Bxg5 Ra3 65. Bd2 b4 66. Kf4 b3 67. Bc1 Ra1 68. Bb2 Ra2 69. Bc1 b2 70. Bxb2 Rxb2 71. c4 Rc2 72. g5 Rxc4+ 73. Kg3 Kf5 0-1


[Site "https://www.chess.com"]

[Event "Titled Tuesday Blitz January 10 Early 2023"]
[White "Samunenkov, Ihor"]
[Black "Nathan, Nitish"]
[WhiteFideId "14187086"]
[BlackFideId "30927870"]
[WhiteElo "2501"]
[BlackElo "2071"]
[Result "1-0"]
[Round "01"]
[TimeControl "180+2"]
[Date "2023.01.10"]
[WhiteClock "0:00:49"]
[BlackClock "0:00:08"]

1. e4 c5 2. Nf3 Nc6 3. Bb5 e6 4. O-O Nge7 5. Re1 b6 6. c3 a6 7. Ba4 c4 8. Bc2 d5 9. exd5 Nxd5 10. b3 cxb3 11. axb3 Nf6 12. d4 Be7 13. Nbd2 O-O 14. Ne4 Bb7 15. Qd3 Nxe4 16. Qxe4 g6 17. Qg4 h5 18. Qg3 Bd6 19. Bf4 Bxf4 20. Qxf4 Qb8 21. Ne5 Nxe5 22. Rxe5 Qd8 23. Rae1 Rc8 24. R1e3 Qc7 25. Qh6 Qe7 26. Rg5 Rc7 27. Bxg6 fxg6 28. Rxg6+ Qg7 29. Rxg7+ Rxg7 30. Qxe6+ Kh7 31. Rg3 Rgf7 32. Qg6+ Kh8 33. Qh6+ Rh7 34. Qxf8# 1-0


[Site "https://www.chess.com"]

[Event "Titled Tuesday Blitz January 10 Early 2023"]
[White "Gracia Alvarez, Gerardo Antonio"]
[Black "Halkias, Stelios"]
[WhiteFideId "5109124"]
[BlackFideId "4201809"]
[WhiteElo "2238"]
[BlackElo "2511"]
[Result "1/2-1/2"]
[Round "01"]
[TimeControl "180+2"]
[Date "2023.01.10"]
[WhiteClock "0:00:30"]
[BlackClock "0:00:11"]

1. d4 Nf6 2. Bf4 e6 3. e3 d5 4. Nf3 Bd6 5. Ne5 O-O 6. Nd2 c5 7. c3 Qc7 8. Bd3 Nbd7 9. Ndf3 Ne4 10. Qc2 f5 11. Nxd7 Bxd7 12. Bxd6 Qxd6 13. Ne5 cxd4 14. exd4 Be8 15. O-O Rc8 16. f3 Nf6 17. Qb3 Rc7 18. Rfe1 Kh8 19. Re2 g5 20. Rae1 Bh5 21. Bb1 Rg7 22. Nd3 g4 23. Rxe6 gxf3 24. Rxd6 Rxg2+ 25. Kh1 Ng4 26. Qxd5 Rxh2+ 27. Kg1 Rg2+ 28. Kh1 Rh2+ 29. Kg1 Rg2+ 30. Kh1 Rh2+ 1/2-1/2


[Site "https://www.chess.com"]

[Event "Titled Tuesday Blitz January 10 Early 2023"]
[White "Talibov, Shiroghlan"]
[Black "Leve, Nitai"]
[WhiteFideId "13429078"]
[BlackFideId "2006898"]
[WhiteElo "2359"]
[BlackElo "2128"]
[Result "1-0"]
[Round "01"]
[TimeControl "180+2"]
[Date "2023.01.10"]
[WhiteClock "0:00:46"]
[BlackClock "0:00:01"]

1. Nf3 d5 2. d4 Nf6 3. Bf4 Bf5 4. e3 e6 5. c4 Bd6 6. Bxd6 cxd6 7. Nc3 dxc4 8. Bxc4 O-O 9. O-O Nc6 10. Rc1 Bg4 11. h3 Bh5 12. d5 Bxf3 13. Qxf3 Ne5 14. Qe2 Nxc4 15. Qxc4 exd5 16. Nxd5 Nxd5 17. Qxd5 Qb6 18. b3 Rac8 19. Rfd1 Rxc1 20. Rxc1 h6 21. Rc4 Re8 22. Rf4 Re6 23. Qf5 Qc7 24. Rc4 Qd7 25. Qa5 b6 26. Qa6 Re5 27. a4 Rc5 28. Rd4 Rc1+ 29. Kh2 Rc5 30. b4 Rc1 31. Qd3 Qc7 32. f4 Rc3 33. Qe4 g6 34. h4 h5 35. Kh3 Rc1 36. Kh2 Rc2 37. Qd5 Qc3 38. Qe4 Qb2 39. Rxd6 Rc1 40. Rd7 Qf6 41. Kg3 Rc3 42. a5 bxa5 43. bxa5 Ra3 44. Rxa7 Ra1 45. a6 Rh1 46. Qe8+ Kg7 47. Qe5 Qxe5 48. fxe5 Ra1 49. e6 Ra3 50. e7 1-0


[Site "https://www.chess.com"]

[Event "Titled Tuesday Blitz January 10 Early 2023"]
[White "Karabalis, Harilos"]
[Black "Bykhovsky, Anatoly"]
[WhiteFideId "4621808"]
[BlackFideId "2806991"]
[WhiteElo "2252"]
[BlackElo "2496"]
[Result "0-1"]
[Round "01"]
[TimeControl "180+2"]
[Date "2023.01.10"]
[WhiteClock "0:00:10"]
[BlackClock "0:02:05"]

1. c4 c5 2. Nc3 Nc6 3. g3 g6 4. Bg2 Bg7 5. a3 e6 6. e4 Nge7 7. Nge2 O-O 8. O-O d6 9. Rb1 b6 10. b4 Bb7 11. d3 Qd7 12. Be3 f5 13. Qd2 Rf7 14. Bh6 Bh8 15. Be3 Ne5 16. h3 fxe4 17. dxe4 Nxc4 18. Qd3 Nxa3 19. Ra1 cxb4 20. Rxa3 bxa3 21. Nb5 d5 22. exd5 Nxd5 23. Bd4 Nb4 24. Qc4 Bxg2 25. Kxg2 Qd5+ 26. Qxd5 Nxd5 27. Bxh8 Kxh8 28. Nxa3 a6 29. Nd4 e5 30. Nf3 e4 31. Ng5 Re7 32. Nc4 b5 33. Na5 e3 34. f4 Rc8 35. Re1 Rc2+ 36. Kf3 Rf2+ 37. Kg4 Nf6+ 38. Kh4 h6 39. Nc6 hxg5+ 40. Kxg5 Nh7+ 41. Kh6 Re6 42. Nd4 Re4 43. Rc1 Kg8 44. Rc8+ Nf8 45. Nc6 e2 46. Ne5 Rxe5 47. fxe5 e1=Q 0-1


[Site "https://www.chess.com"]

[Event "Titled Tuesday Blitz January 10 Early 2023"]
[White "Ioannidis, Evgenios"]
[Black "AidenRchess"]
[WhiteFideId "4229274"]
[WhiteElo "2467"]
[BlackElo "2385"]
[Result "1-0"]
[Round "01"]
[TimeControl "180+2"]
[Date "2023.01.10"]
[WhiteClock "0:00:49"]
[BlackClock "0:00:36"]

1. d4 Nf6 2. c4 g6 3. Nc3 d5 4. cxd5 Nxd5 5. e4 Nxc3 6. bxc3 Bg7 7. Bb5+ c6 8. Ba4 b5 9. Bb3 a5 10. Nf3 O-O 11. O-O Ba6 12. Re1 a4 13. Bc2 Nd7 14. Ba3 Re8 15. h4 e5 16. h5 Qf6 17. d5 Rad8 18. c4 bxc4 19. Bxa4 cxd5 20. Qxd5 Nb6 21. Qa5 Nxa4 22. Qxa4 gxh5 23. Rad1 Qe6 24. Ng5 Qg4 25. Nxf7 Rxd1 26. Qxe8+ Bf8 27. Qxf8# 1-0


[Site "https://www.chess.com"]

[Event "Titled Tuesday Blitz January 10 Early 2023"]
[White "Rengifo Blancas, Renzo Jhonathan"]
[Black "Gledura, Benjamin"]
[WhiteFideId "3807185"]
[BlackFideId "712779"]
[WhiteElo "2131"]
[BlackElo "2644"]
[Result "0-1"]
[Round "01"]
[TimeControl "180+2"]
[Date "2023.01.10"]
[WhiteClock "0:01:00"]
[BlackClock "0:01:54"]

1. d4 Nf6 2. Nf3 g6 3. c4 Bg7 4. Nc3 d5 5. g3 O-O 6. cxd5 Nxd5 7. Bg2 Nxc3 8. bxc3 c5 9. O-O Qa5 10. Bd2 Qa6 11. Re1 Nc6 12. Bg5 h6 13. Be3 Rd8 14. Qc1 h5 15. Ne5 Nxe5 16. dxe5 Qc4 17. Bg5 Bxe5 18. Bxe7 Re8 19. Qg5 Qe6 20. Bxc5 Bxc3 21. e3 Qf5 22. Qh6 Bxa1 23. Rxa1 Qxc5 24. Rd1 Be6 25. Be4 Qe5 26. Bxg6 fxg6 27. Rd6 Qg7 28. Qg5 Rac8 0-1


[Site "https://www.chess.com"]

[Event "Titled Tuesday Blitz January 10 Early 2023"]
[White "Horvath, Dominik"]
[Black "Tarasova, Viktoriya"]
[WhiteFideId "1642561"]
[BlackFideId "4175840"]
[WhiteElo "2523"]
[BlackElo "2226"]
[Result "1-0"]
[Round "01"]
[TimeControl "180+2"]
[Date "2023.01.10"]
[WhiteClock "0:01:15"]
[BlackClock "0:00:02"]

1. e4 e5 2. Nc3 Nf6 3. d4 exd4 4. Qxd4 Nc6 5. Qd3 Bb4 6. Bd2 O-O 7. O-O-O Re8 8. Nge2 d6 9. Bg5 h6 10. Bxf6 Qxf6 11. Nd5 Qd8 12. Nxb4 Nxb4 13. Qd2 Nc6 14. f3 Be6 15. Nf4 Qe7 16. Kb1 Ne5 17. Qc3 a6 18. h4 Rac8 19. Nxe6 Qxe6 20. g3 Qe7 21. Bh3 Rcd8 22. f4 Nc6 23. Rhe1 f6 24. Qb3+ Kh8 25. Qxb7 Na5 26. Qd5 c5 27. g4 Rb8 28. g5 Rb6 29. gxh6 gxh6 30. Rg1 Reb8 31. b3 c4 32. Rg6 cxb3 33. Rxh6+ Kg7 34. Rh7+ Kxh7 35. Qh5+ Kg8 36. Rg1+ Qg7 37. Be6+ Kf8 38. Rxg7 Kxg7 39. Qf7+ Kh8 40. Qxf6+ Kh7 41. Bf5+ Kg8 42. axb3 d5 43. Be6+ Kh7 44. exd5 Nxb3 45. Qf5+ Kg7 46. Qg5+ Kh7 47. Qh5+ Kg7 48. Qe5+ Kh7 49. cxb3 Rxb3+ 50. Kc2 R3b5 51. Qc7+ 1-0


[Site "https://www.chess.com"]

[Event "Titled Tuesday Blitz January 10 Early 2023"]
[White "Acor, Corey"]
[Black "Khalafova, Narmin"]
[WhiteFideId "2024861"]
[BlackFideId "13402625"]
[WhiteElo "2216"]
[BlackElo "2246"]
[Result "1-0"]
[Round "01"]
[TimeControl "180+2"]
[Date "2023.01.10"]
[WhiteClock "0:00:53"]
[BlackClock "0:00:20"]

1. e4 c5 2. Nc3 d6 3. g3 Nc6 4. Bg2 g6 5. d3 Bg7 6. Be3 e5 7. f4 Nge7 8. Nf3 O-O 9. fxe5 Nxe5 10. Nxe5 Bxe5 11. O-O Nc6 12. Qd2 Be6 13. Rf2 Bg7 14. Raf1 Qd7 15. Bh6 Nd4 16. Nd1 Rae8 17. Bxg7 Kxg7 18. Ne3 b5 19. c3 Nc6 20. d4 cxd4 21. cxd4 Bh3 22. Nd5 Bxg2 23. Kxg2 Re6 24. Nf6 Rxf6 25. Rxf6 d5 26. e5 Nd8 27. Rd6 Qb7 28. Qf4 Qe7 29. Qf6+ Qxf6 30. exf6+ Kg8 31. Rxd5 Ne6 32. Rxb5 Nxd4 33. Rb7 Rc8 34. Rxa7 Rc2+ 35. Rf2 Rc8 36. b4 h5 37. a4 Rc4 38. b5 Rb4 39. Rd2 Ne6 40. Rc2 h4 41. Rc8+ Kh7 42. gxh4 Nf4+ 43. Kf3 1-0


[Site "https://www.chess.com"]

[Event "Titled Tuesday Blitz January 10 Early 2023"]
[White "Flynn, Jacob"]
[Black "Maksimovic, Bojan"]
[WhiteFideId "2509393"]
[BlackFideId "14408120"]
[WhiteElo "2102"]
[BlackElo "2486"]
[Result "0-1"]
[Round "01"]
[TimeControl "180+2"]
[Date "2023.01.10"]
[WhiteClock "0:00:15"]
[BlackClock "0:01:19"]

1. d4 Nf6 2. c4 g6 3. Nc3 Bg7 4. e4 d6 5. Be2 Nbd7 6. Be3 e5 7. d5 Nc5 8. Bxc5 dxc5 9. h4 h5 10. Nf3 O-O 11. Ng5 Ne8 12. Qc2 Bh6 13. Nh3 Qxh4 14. g3 Qe7 15. f4 Bxh3 16. Rxh3 exf4 17. g4 h4 18. Bf3 Nd6 19. O-O-O Bg7 20. Kb1 g5 21. Rhh1 Rfe8 22. Rhe1 Be5 23. Ne2 Kg7 24. Ng1 a6 25. Be2 f6 26. Nf3 Nf7 27. Bd3 Bd6 28. a3 Ne5 29. Be2 Nxf3 30. Bxf3 Qe5 31. Re2 b5 32. Qd3 Reb8 33. Ka2 bxc4 34. Qxc4 Rb6 35. Rdd2 Rab8 36. Rc2 Qd4 37. Qxd4 cxd4 38. Red2 Be5 39. Be2 a5 40. Bd3 Rb3 41. Bc4 Rg3 42. d6 Bxd6 43. Be6 d3 44. Rc3 Be5 45. Rc5 h3 46. Rd5 Rg2 47. Rd7+ Kf8 48. Rf7+ Ke8 49. Rxd3 Rgxb2+ 50. Ka1 Rb1+ 51. Ka2 Ra1# 0-1


[Site "https://www.chess.com"]

[Event "Titled Tuesday Blitz January 10 Early 2023"]
[White "Fernandez Guillen, Ernesto J."]
[Black "Nikologorsky, Matfei"]
[WhiteFideId "3512428"]
[BlackFideId "24102474"]
[WhiteElo "2477"]
[BlackElo "2182"]
[Result "1-0"]
[Round "01"]
[TimeControl "180+2"]
[Date "2023.01.10"]
[WhiteClock "0:00:30"]
[BlackClock "0:01:08"]

1. e4 c5 2. Nf3 e6 3. d4 cxd4 4. Nxd4 a6 5. Bd3 Qc7 6. Nc3 Nc6 7. Nb3 Nf6 8. f4 d6 9. Be3 Be7 10. Qf3 b5 11. a3 Bb7 12. g4 Nd7 13. g5 Nc5 14. h4 b4 15. axb4 Nxb4 16. Nxc5 dxc5 17. Rc1 c4 18. Be2 Rd8 19. O-O Bc5 20. h5 a5 21. Rf2 Bxe3 22. Qxe3 Qc6 23. Bf3 O-O 24. h6 g6 25. Rd2 Rxd2 26. Qxd2 Qc5+ 27. Kg2 Nc6 28. Rd1 Rd8 29. Qxd8+ Nxd8 30. Rxd8+ Qf8 31. Rxf8+ Kxf8 32. Be2 Ke7 33. Bxc4 Kd6 34. Kf3 Kc5 35. Bd3 Kb4 36. Ke3 a4 37. Nb1 Kc5 38. c3 Bc6 39. Na3 Be8 40. f5 exf5 41. exf5 Kd5 42. Kf4 Bd7 43. fxg6 fxg6 44. Bxg6 1-0


[Site "https://www.chess.com"]